Map: [ESL] Ghost River

Players

ShoWTimE - Winner!

  • Race: Protoss Protoss
  • League: Master
  • Spawn Location: 1:00

ForJumyyyy (ForJumy)

  • Race: Protoss Protoss
  • League: Master
  • Spawn Location: 11:00

Event: HomeStory Cup XXV

VOD

Have the link to the VOD?

Description

Time

  • Played on: June 22, 2024, 7:11 a.m.
  • Length: 9:51

All games in this series

Show
View Real Time Build Order
Export as new Build Order

ShoWTimE Protoss - Winner!

Build Orders:  

Get SALT Encoding   

  12  0:00  Probe  
  13  0:12  Probe  
  14  0:17  Pylon  
  14  0:24  Probe (Chrono Boost)  
  15  0:35  Gateway  
  15  0:36  Probe (Chrono Boost)  
  16  0:43  Probe (Chrono Boost)  
  16  0:48  Assimilator  
  17  0:51  Probe  
  18  1:02  Gateway  
  18  1:11  Probe  
  19  1:23  Cybernetics Core, Probe  
  20  1:31  Pylon  
  20  1:35  Probe  
  21  1:47  Probe  
  22  1:59  Adept x2, Probe  
  22  2:00  Warp Gate  
  27  2:11  Probe  
  27  2:14  Pylon  
  28  2:24  Probe  
  28  2:28  Pylon  
  28  2:29  Stalker  
  31  2:32  Stalker  
  31  2:36  Probe  
  34  2:48  Probe  
  34  2:50  Assimilator  
  34  3:00  Probe  
  35  3:10  Sentry  
  35  3:13  Nexus  
  35  3:15  Shield Battery  
  35  3:16  Probe  
  36  3:27  Gateway  
  36  3:34  Shield Battery  
  34  3:38  Robotics Facility  
  31  3:53  Sentry  
  31  3:54  Probe  
  32  4:04  Stalker  
  32  4:06  Probe (Chrono Boost)  
  32  4:08  Phoenix  
  35  4:18  Probe (Chrono Boost)  
  35  4:23  Immortal (Chrono Boost)  
  36  4:26  Probe (Chrono Boost)  
  36  4:30  Probe (Chrono Boost)  
  43  4:42  Probe (Chrono Boost)  
  43  4:43  Probe (Chrono Boost)  
  44  4:46  Shield Battery  
  44  4:48  Probe (Chrono Boost)  
  44  4:51  Probe (Chrono Boost)  
  46  4:53  Pylon  
  46  4:54  Observer  
  46  4:58  Shield Battery  
  46  4:59  Probe (Chrono Boost), Phoenix  
  48  5:02  Probe (Chrono Boost)  
  49  5:11  Probe (Chrono Boost)  
  49  5:13  Probe (Chrono Boost)  
  49  5:14  Sentry x2  
  53  5:17  Probe (Chrono Boost)  
  53  5:18  Probe (Chrono Boost)  
  57  5:25  Probe, Pylon  
  57  5:27  Warp Prism (Chrono Boost)  
  57  5:28  Probe  
  61  5:37  Probe  
  61  5:42  Twilight Council, Pylon  
  62  5:47  Phoenix  
  62  5:48  Stalker x2  
  66  5:57  Assimilator  
  66  6:04  Immortal (Chrono Boost)  
  66  6:06  Pylon  
  70  6:17  Nexus, Phoenix  
  70  6:28  Probe x2  
  70  6:30  Adept x3  
  70  6:32  Resonating Glaives (Chrono Boost)  
  73  6:40  Probe  
  74  6:48  Gateway  
  74  6:51  Gateway  
  74  6:53  Gateway  
  74  6:57  Gateway  
  74  7:01  Gateway  
  72  7:16  Adept x3  
  72  7:20  Immortal  
  68  7:36  Shield Battery  
  67  7:41  Probe  
  68  7:45  Adept  
  68  7:46  Adept x4  
  68  7:49  Shield Battery  
  78  7:54  Adept x2  
  82  7:58  Pylon  
  82  8:19  Adept x8  
  98  8:24  Pylon  
  98  8:29  Probe x3  
  101  8:45  Adept x5  
  101  8:47  Adept  
  113  8:50  Adept  
  113  8:54  Adept  
  117  8:59  Pylon  
  105  9:23  Adept x7  
  109  9:26  Adept  
  87  9:45  Adept x3  
  87  9:46  Adept x3  
  87  9:48  Adept  
Show
View Real Time Build Order
Export as new Build Order

ForJumyyyy Protoss 

Build Orders:  

Get SALT Encoding   

  12  0:00  Probe  
  13  0:12  Probe  
  14  0:16  Pylon  
  14  0:24  Probe  
  15  0:36  Gateway  
  15  0:37  Probe (Chrono Boost)  
  16  0:47  Probe (Chrono Boost)  
  16  0:49  Assimilator  
  18  0:58  Assimilator  
  18  1:02  Assimilator  
  18  1:03  Probe  
  17  1:12  Gateway  
  17  1:15  Probe (Chrono Boost)  
  18  1:25  Cybernetics Core  
  18  1:29  Probe (Chrono Boost)  
  19  1:37  Probe  
  20  1:46  Pylon  
  20  1:49  Probe  
  21  2:01  Stalker  
  21  2:04  Stalker, Probe  
  21  2:05  Warp Gate (Chrono Boost)  
  26  2:17  Pylon  
  26  2:19  Probe  
  27  2:31  Probe  
  28  2:37  Adept x2  
  32  2:48  Probe  
  33  2:55  Pylon  
  33  2:58  Pylon  
  33  3:00  Probe  
  29  3:16  Probe  
  29  3:18  Nexus  
  30  3:23  Sentry x2  
  32  3:35  Probe  
  33  3:46  Pylon  
  33  3:47  Probe (Chrono Boost)  
  30  3:59  Probe (Chrono Boost)  
  30  4:02  Robotics Facility  
  31  4:05  Probe (Chrono Boost)  
  32  4:10  Adept x2  
  32  4:15  Probe  
  37  4:27  Probe (Chrono Boost)  
  37  4:30  Probe (Chrono Boost)  
  39  4:32  Sentry x2  
  45  4:38  Probe (Chrono Boost)  
  45  4:39  Probe (Chrono Boost)  
  45  4:43  Probe (Chrono Boost)  
  45  4:44  Probe (Chrono Boost)  
  46  4:51  Warp Prism  
  49  4:56  Probe  
  49  4:58  Probe  
  51  5:02  Immortal  
  51  5:08  Probe  
  51  5:10  Shield Battery  
  52  5:14  Sentry x2  
  52  5:16  Probe  
  52  5:21  Pylon  
  57  5:28  Probe, Immortal (Chrono Boost)  
  62  5:35  Pylon  
  62  5:39  Probe  
  62  5:42  Probe  
  64  5:44  Twilight Council  
  64  5:51  Probe  
  64  5:57  Probe  
  66  5:59  Immortal (Chrono Boost)  
  66  6:03  Probe  
  71  6:12  Nexus  
  71  6:15  Probe, Pylon  
  72  6:20  Resonating Glaives  
  72  6:29  Probe  
  71  6:38  Immortal (Chrono Boost)  
  69  6:41  Probe  
  69  6:43  Gateway  
  69  6:44  Gateway  
  69  6:45  Adept x2  
  76  6:48  Assimilator  
  76  6:53  Gateway  
  76  6:56  Shield Battery  
  76  7:00  Probe x2  
  78  7:06  Stalker x2  
  82  7:14  Probe  
  77  7:21  Probe  
  78  7:26  Probe  
  78  7:28  Immortal (Chrono Boost)  
  73  7:30  Gateway  
  73  7:31  Gateway  
  73  7:33  Probe  
  73  7:35  Gateway  
  78  7:41  Probe (Chrono Boost)  
  78  7:43  Probe (Chrono Boost)  
  80  7:49  Forge  
  82  7:51  Probe (Chrono Boost)  
  82  7:53  Probe (Chrono Boost)  
  82  7:54  Adept x3  
  88  7:59  Observer (Chrono Boost)  
  88  8:04  Stalker  
  91  8:09  Probe  
  91  8:10  Pylon  
  91  8:12  Pylon  
  92  8:19  Gateway  
  92  8:27  Warp Prism (Chrono Boost)  
  92  8:31  Adept x5, Pylon  
  104  8:40  Pylon  
  100  8:44  Adept x2  
  104  8:48  Pylon  
  104  8:53  Stalker x3  
  108  8:59  Assimilator  
  108  9:03  Stalker x2  
  108  9:04  Pylon  
  108  9:08  Stalker x2  
  116  9:13  Adept x2  
  110  9:17  Adept x2  
  100  9:24  Adept  
  100  9:28  Adept  
  92  9:35  Adept  
  86  9:39  Adept  
  86  9:41  Adept x2  
  86  9:44  Adept  
Tags
 
Add a new tag
Caveats
  • Supply blocks, unpowered buildings, or Contaminate may cause inaccurate times.
  • Supply counts are checked every 10 seconds.